 Seeded DCSS version 0.30-a0-122-g2a1322497e (webtiles) character file.

Game seed: 7418951958025570837 (custom seed)

28 valliere the Covered (level 3, 0/45 HPs)
             Began as a Barachi Fighter on Sept 16, 2022.
             Succumbed to an adder's poison
             ... on level 2 of the Dungeon.
             The game lasted 00:02:00 (921 turns).

valliere the Covered (Barachi Fighter)               Turns: 921, Time: 00:02:01

Health: 0/45       AC: 21    Str: 19    XL:     3   Next: 14%
Magic:  3/3        EV:  2    Int:  8    God:
Gold:   181        SH:  4    Dex: 11    Spells: 2/2 levels left

rFire   . . .      SeeInvis .    a - +0 trident
rCold   . . .      Faith    .    c - +0 buckler
rNeg    . . .      Spirit   .    (body armour currently unavailable)
rPois   +          Reflect  .    (helmet currently unavailable)
rElec   .          Harm     .    (cloak currently unavailable)
rCorr   .          Rampage  .    (gloves currently unavailable)
Will    .....      NoTele   +    (boots currently unavailable)
Stlth   +.........               (no amulet)
HPRegen 0.15/turn                (no ring)
MPRegen 0.08/turn                (no ring)

@: lethally poisoned (0 -> -1), tree-form, unable to hop, attractive
A: stationary, stasis, torment immunity, boosted hp, (amphibious), (slowness 1),
(strong legs 1), +LOS
a: no special abilities


You were on level 2 of the Dungeon.
You were a tree.
You visited 1 branch of the dungeon, and saw 2 of its levels.

You collected 181 gold pieces.

Inventory:

Hand Weapons
 a - a +0 trident (weapon)
Armour
 b - a +0 scale mail (melded)
 c - a +0 buckler (worn)
Scrolls
 f - 2 scrolls of butterflies {unknown}
 g - 2 scrolls of immolation {unknown}
 h - a scroll of enchant weapon {unknown}
 i - a scroll of noise {unknown}
 j - 4 scrolls of identify {unknown}
 k - a scroll of vulnerability {unknown}
Potions
 d - a potion of might
 e - a potion of brilliance {unknown}
 m - a potion of lignification


   Skills:
 + Level 3.9 Fighting
 - Level 2.0(2.2) Polearms
 * Level 1.7(2.3) Staves
 + Level 3.9 Armour
 + Level 3.5 Shields


You had 2 spell levels left.
You didn't know any spells.
Your spell library contained the following spells:

 Spells                   Type           Power      Damage    Failure   Level
 Beastly Appendage        Tmut           0%         N/A       50%         1
 Wereblood                Tmut           0%         N/A       65%         2
 Spider Form              Tmut/Pois      0%         N/A       86%         3


Dungeon Overview and Level Annotations

Branches:
Dungeon (2/15)

Altars:


Innate Abilities, Weirdness & Mutations

You are a tree.
Your roots penetrate the ground, keeping you stationary.
You cannot be teleported.
You are immune to unholy pain and torment.
Your maximum health is greatly increased.
Your equipment is partially melded.
((You are amphibious.))
((You cover ground slowly.))
((You can hop short distances.))
You have an extended range of vision and can be seen from far away.


Message History

The adder is moderately wounded.
You feel sick. You block the adder's attack. x2
You barely miss the adder.
The adder is moderately wounded.
You feel sick. The adder misses you.
You closely miss the adder.
The adder is moderately wounded.
You feel sick. The adder bites you but does no damage.
The adder barely misses you.
You closely miss the adder.
The adder is moderately wounded.
You feel sick.
You are no longer poisoned.
The adder bites you.
* * * LOW HITPOINT WARNING * * *
You are lethally poisoned!
The adder poisons you! The adder barely misses you.
Hop to where?
Press: ? - help, Dir - move target
Found a falchion and a scroll labelled MUDELOD VAWUXEINAWN.
Boing!
* * * LOW HITPOINT WARNING * * *
You feel sick.
It was a potion of lignification.
You turn into a tree.
Your +0 scale mail melds into your body.
Your roots penetrate the ground.
You feel sick. You block the adder's attack.
It was a potion of attraction.
You feel attractive to monsters.
You feel sick. The adder bites you.
* * * LOW HITPOINT WARNING * * *
You cannot move.
You cannot move.
You cannot move.
Unknown command.
Reach: a) +0 trident
Press: ? - help, Dir - move target, f - adder
Aim: an adder (moderately wounded, about 65% to evade your +0 trident)
You barely miss the adder.
The adder is moderately wounded.
You die...

##.... ###....
####
#.....#####..#
#.....<......#
........######.##
######## #°#
###.#######.#
###...S.)....?#
#.....♣).......
#.#.#.#########
#.#.# #.#<# # #.#
#$# #. #. ..


You could see an adder.

Vanquished Creatures
  3 dart slugs (D:1)
  A ball python (D:1)
  An endoplasm (D:1)
  2 giant cockroaches (D:1)
  5 goblins (D:1)
  2 hobgoblins (D:1)
  A bat (D:1)
  4 kobolds (D:1)
  2 rats (D:1)
21 creatures vanquished.

Vanquished Creatures (others)
  12 fungi (D:1)
  3 toadstools (D:1)
15 creatures vanquished.

Grand Total: 36 creatures vanquished

Notes
Turn   | Place    | Note
-------+----------+-------------------------------------------
     0 | D:1      | valliere the Barachi Fighter began the quest for the Orb.
     0 | D:1      | Reached XP level 1. HP: 18/18 MP: 1/1
   199 | D:1      | Reached XP level 2. HP: 24/25 MP: 2/2
   203 | D:1      | Reached skill level 1 in Staves
   621 | D:1      | Reached XP level 3. HP: 29/30 MP: 3/3
   920 | D:2      | HP: 1/45 [adder (2)]
   921 | D:2      | Succumbed to an adder's poison

Illustrated notes

Levels and vault maps discovered:
D:1:      wander_arrival_estate, layout_loops_ring, minmay_misc_feat_ornament,
          minmay_gold_behind_fungi
D:2:      kennysheep_six_static_rooms, layout_loops_ring, basic_altar,
          chequers_ecumenical_altar_simple_redux

Skill      XL: |  1  2 |
---------------+-------+-----
Staves         | 1 |  1.7
Fighting       | |  3.9
Polearms       | |  2.0
Armour         | |  3.9
Shields        | |  3.5

Action                   || total
-------------------------++-------
Melee: Trident           ||    96
 Abil: Hop               ||     2
  Use: Potion            ||     2
Armor: Scale mail        ||    31
Dodge: Dodged            ||    38
Block: Buckler           ||    20

Table legend: (Time is in decaauts)
 A = Elapsed time spent in this place.
 B = Non-inter-level travel time spent in this place.
 C = Inter-level travel time spent in this place.
 D = Time resting spent in this place.
 E = Time spent auto-exploring this place.
 F = Levels seen in this place.
 G = Mean time per level.
                   A        B        C        D        E       F      G
               +--------+--------+--------+--------+--------+-----+--------+
         Total |   1054 |   1053 |      1 |      0 |    875 |   2 |  527.0 |
       Dungeon |   1054 |   1053 |      1 |      0 |    875 |   2 |  527.0 |
               +--------+--------+--------+--------+--------+-----+--------+

Top non-repeatable levels by time:
     D:1: 1017 daAuts
     D:2: 36 daAuts
